 Dungeon Crawl Stone Soup version 0.30-a0-782-ge64f9170bb (webtiles) character file.

Game seed: 17771435005937611593

5546 IndexError the Skirmisher (level 10, -12/68 HPs)
             Began as a Gargoyle Hunter on Feb 28, 2023.
             Mangled by a polar bear (21 damage)
             ... on level 8 of the Dungeon on Mar 1, 2023.
             The game lasted 00:21:04 (6654 turns).

IndexError the Skirmisher (Gargoyle Hunter)         Turns: 6654, Time: 00:21:04

Health: -12/68     AC: 17    Str: 16    XL:     10   Next: 71%
Magic:  10/10      EV: 12    Int:  6    God:
Gold:   436        SH:  5    Dex: 23    Spells: 9/9 levels left

rFire   . . .      SeeInvis +    b - +9 spear of Nesoun {spect, rElec rPois Int-3 SInv}
rCold   x . .      Faith    .    (no shield)
rNeg    + . .      Spirit   .    c - +0 leather armour
rPois   ∞          Reflect  +    T - +2 helmet
rElec   +          Harm     .    (no cloak)
rCorr   +          Rampage  .    (no gloves)
Will    +....                    (no boots)
Stlth   ++                       L - amulet "Ywkuc" {Reflect rPois rC- Will+ rCorr SH+5}
HPRegen 0.31/turn                l - +4 ring of protection
MPRegen 0.12/turn                H - +6 ring of dexterity

@: no status effects
A: sickness immunity, AC +7, negative energy resistance 1, electricity
resistance, torment resistance 1, petrification resistance
a: no special abilities


You were on level 8 of the Dungeon.
You visited 2 branches of the dungeon, and saw 9 of its levels.

You collected 436 gold pieces.

Inventory:

Hand Weapons
 a - a +0 heavy shortbow
 b - the +9 spear of Nesoun (weapon) {spect, rElec rPois Int-3 SInv}
   (You found it on level 2 of the Dungeon)

   Int:       It affects your intelligence (-3).
   rElec:     It insulates you from electricity.
   rPois:     It protects you from poison.
   SInv:      It lets you see invisible.
Armour
 c - a +0 leather armour (worn)
 d - a +0 robe
   (You took it off an orc wizard on level 8 of the Dungeon)
 e - a +0 ring mail
   (You took it off an orc on level 8 of the Dungeon)
 f - a +0 leather armour
   (You found it on level 1 of the Dungeon)
 h - a +0 robe
   (You found it on level 1 of the Dungeon)
 k - a +0 ring mail
   (You took it off an orc on level 8 of the Dungeon)
 m - a +0 ring mail
   (You took it off an orc priest on level 8 of the Dungeon)
 t - a +0 leather armour
   (You found it on level 3 of the Dungeon)
 u - a +0 robe
   (You found it on level 3 of the Dungeon)
 v - a +0 robe
   (You found it on level 3 of the Dungeon)
 w - a +0 leather armour
   (You took it off Eustachio on level 4 of the Dungeon)
 x - a +0 scale mail
   (You found it on level 4 of the Dungeon)
 z - a +0 ring mail
   (You found it on level 4 of the Dungeon)
 A - a +0 ring mail
   (You took it off Edmund on level 4 of the Dungeon)
 C - a +0 leather armour
   (You took it off an orc on level 4 of the Dungeon)
 E - a +0 plate armour
   (You found it on level 5 of the Dungeon)
 Q - a +0 scale mail
   (You took it off an orc on level 6 of the Dungeon)
 R - a +0 ring mail
   (You took it off an orc on level 6 of the Dungeon)
 S - a +0 robe
   (You took it off Blork the orc on level 6 of the Dungeon)
 T - a +2 helmet (worn)
   (You found it on level 6 of the Dungeon)
 U - a +0 leather armour
   (You took it off an orc on level 6 of the Dungeon)
 V - a +0 scale mail
   (You found it on level 7 of the Dungeon)
 W - +0 steam dragon scales
   (You took it off Maggie on level 7 of the Dungeon)
 X - a +0 leather armour
   (You took it off an orc priest on level 7 of the Dungeon)
 Y - a +0 robe
   (You took it off Dowan on level 7 of the Dungeon)
 Z - a +0 leather armour
   (You took it off Duvessa on level 7 of the Dungeon)
Jewellery
 l - a +4 ring of protection (left hand)
   (You found it on level 2 of the Dungeon)
 D - a ring of willpower
   (You found it on level 4 of the Dungeon)
 H - a +6 ring of dexterity (right hand)
   (You found it on level 6 of the Dungeon)
 K - a ring of protection from cold {rC+, !d}
   (You found it on level 5 of the Dungeon)
 L - the amulet "Ywkuc" (around neck) {Reflect rPois rC- Will+ rCorr SH+5}
   (You found it on level 5 of the Dungeon)

   [amulet of reflection]

   It reflects blocked missile attacks.
   rC:        It makes you vulnerable to cold.
   rPois:     It protects you from poison.
   rCorr:     It protects you from acid and corrosion.
   SH:        It affects your SH (+5).
   Will:      It increases your willpower.
 M - a ring of flight {+Fly, !d}
   (You found it on level 5 of the Dungeon)
 N - a +6 ring of intelligence
   (You found it on level 6 of the Dungeon)
Wands
 B - a wand of flame (14)
   (You took it off Edmund on level 4 of the Dungeon)
Scrolls
 n - a scroll of torment {!r}
 p - 3 scrolls of immolation {!r}
 q - 2 scrolls of blinking {!r}
 r - 2 scrolls of enchant armour
 s - 3 scrolls of fog
 y - a scroll of noise {unknown}
 F - a scroll of magic mapping {!r}
 O - 2 scrolls of teleportation
Potions
 g - a potion of degeneration {!q}
 i - 5 potions of curing {unknown}
 j - a potion of lignification {!q}
 o - 2 potions of ambrosia
 G - a potion of cancellation
 I - a potion of heal wounds
 J - 2 potions of mutation {!q}
 P - 2 potions of resistance {unknown}


   Skills:
 + Level 9.8 Fighting
 * Level 13.5 Ranged Weapons
 - Level 1.5 Dodging
 - Level 1.1 Stealth


You had 9 spell levels left.
You didn't know any spells.
Your spell library contained the following spells:

 Spells                   Type           Power      Damage    Failure   Level
 Freeze                   Ice            0%         1d3       52%         1
 Ensorcelled Hibernation  Hex/Ice        0%         N/A       67%         2
 Passwall                 Tmut/Erth      0%         N/A       67%         2
 Poisonous Vapours        Pois/Air       0%         N/A       67%         2
 Static Discharge         Conj/Air       0%         2-2/arc   67%         2
 Frozen Ramparts          Ice            0%         1d1       88%         3
 Gell's Gravitas          Tloc           0%         N/A       88%         3
 Hailstorm                Conj/Ice       0%         3d3       88%         3
 Kindle Blastsparks       Fire/Tloc/Air  0%         2d10      88%         3
 Mephitic Cloud           Conj/Pois/Air  0%         N/A       88%         3
 Spider Form              Tmut/Pois      0%         N/A       88%         3
 Swiftness                Air            0%         N/A       88%         3
 Teleport Other           Tloc           0%         N/A       88%         3
 Vhi's Electric Charge    Tloc/Air       0%         N/A       88%         3
 Anguish                  Hex/Necr       0%         N/A       99%         4
 Fulminant Prism          Conj/Hex       0%         3d5       99%         4
 Iskenderun's Mystic Bla  Conj/Tloc      0%         2d3       99%         4
 Summon Ice Beast         Ice/Summ       0%         N/A       99%         4
 Arcjolt                  Conj/Air       0%         1d10      100%        5
 Lee's Rapid Deconstruct  Erth           0%         3d4*      100%        5
 Lightning Bolt           Conj/Air       0%         1d11      100%        5
 Summon Mana Viper        Hex/Summ       0%         N/A       100%        5
 Dispersal                Tloc           0%         N/A       100%        6
 Monstrous Menagerie      Summ           0%         N/A       100%        7
 Cigotuvi's Dreadful Rot  Necr/Pois/Air  Unusable   N/A       N/A         2

Dungeon Overview and Level Annotations

Branches:
Dungeon (8/15)             Temple (1/1) D:5            Lair (0/5) D:8

Altars:
Ashenzari
Cheibriados
Dithmenos
Elyvilon
Fedhas
Gozag
Kikubaaqudgha
Makhleb
Qazlal
Ru
Sif Muna
Trog
Uskayaw
Wu Jian
Xom
Yredelemnul
Zin
The Shining One

Shops:
D:5 :


Innate Abilities, Weirdness & Mutations

You are immune to sickness and miasma.
Your stone body is resilient. (AC +7)
You are immune to poison.
You resist negative energy. (rN+)
You are resistant to electric shocks. (rElec)
You are resistant to unholy torment.
You are immune to petrification.


Message History

Your pack is full.
You see here a ring of magical power {MP+9}.
Your pack is full.
You see here a ring of magical power {MP+9}.
Could not pick up a ring of magical power {MP+9} here; ([A]lways) ignore it?
Autopickup disabled for rings of magical power.
A wolf comes into view.
Spoiler Alert: The wolf (asleep) is very fast and can hit for moderate damage in melee!
You shoot an arrow. The arrow hits the wolf.
The wolf howls!
You hear an angry growl.
A polar bear comes into view. x2
Spoiler Alert: The wolf is very fast and can hit for moderate damage in melee!
You shoot an arrow. The polar bear growls angrily.
The arrow hits the wolf!!
An electric eel comes into view. x2; A yak comes into view.
Spoiler Alert: The yak (wandering) can hit for moderate damage in melee!
Health restored: 68 You shoot an arrow.
The arrow misses the electric eel.
The yak bellows!
The electric eel shoots out a bolt of lightning at you!
The bolt of electricity hits the electric eel.
The electric eel completely resists.
The bolt of electricity hits you. You resist.
Spoiler Alert: The yak can hit for moderate damage in melee!
You take 1 damage, and have 67/68 hp.
You shoot an arrow. The arrow hits the electric eel!!
You hear a splash.
The electric eel shoots out a bolt of lightning at you!
The bolt of electricity hits you. You resist.
You take 2 damage, and have 65/68 hp.
You shoot an arrow. The arrow hits the polar bear.
The electric eel shoots out a bolt of lightning at you!
The bolt of electricity hits you. You resist.
Spoiler Alert: The yak can hit for moderate damage in melee!
You take 5 damage, and have 60/68 hp.
You shoot an arrow. The arrow hits the polar bear.
You feel stupid.
You feel a bond with the +9 spear of Nesoun {spect, rElec rPois Int-3 SInv}.
b - the +9 spear of Nesoun (weapon)
{spect, rElec rPois Int-3 SInv} The polar bear bites you!
The polar bear barely misses you. The polar bear misses you.
Spoiler Alert: The yak can hit for moderate damage in melee!
You take 8 damage, and have 53/68 hp.
You hit the polar bear but do no damage.
Your +9 spear of Nesoun {spect, rElec rPois Int-3 SInv} closely misses the polar bear.
You block the polar bear's attack. x2
The polar bear claws you but does no damage.
You hit the polar bear.
Your +9 spear of Nesoun {spect, rElec rPois Int-3 SInv} hits the polar bear from afar.
The yak snorts and paws the ground.
The polar bear barely misses you. You block the polar bear's attack.
The polar bear claws you.
Spoiler Alert: The yak can hit for moderate damage in melee!
You take 3 damage, and have 50/68 hp.
You hit the polar bear.
Your +9 spear of Nesoun {spect, rElec rPois Int-3 SInv} hits the polar bear from afar!
The polar bear bites you!
The polar bear claws you but does no damage. x2
You take 8 damage, and have 42/68 hp.
You hit the polar bear.
Your +9 spear of Nesoun {spect, rElec rPois Int-3 SInv} hits the polar bear from afar!
The polar bear bites you.
The polar bear claws you but does no damage.
You block the polar bear's attack.
Spoiler Alert: The yak can hit for moderate damage in melee!
You take 6 damage, and have 36/68 hp.
You are too injured to fight recklessly!
You are too injured to fight recklessly!
You swap places.
The polar bear goes berserk!
You are too injured to fight recklessly!
You are too injured to fight recklessly!
Spoiler Alert: The yak can hit for moderate damage in melee!
You are too injured to fight recklessly!
The polar bear bites you. The polar bear claws you. x2
You take 9 damage, and have 28/68 hp.
The polar bear barely misses you. x2; You block the polar bear's attack.
The yak snorts and paws the ground.
The polar bear barely misses you. You block the polar bear's attack.
The polar bear claws you. You block the polar bear's attack. x2
The polar bear claws you but does no damage.
Spoiler Alert: The yak can hit for moderate damage in melee!
The polar bear bites you!
* * * LOW HITPOINT WARNING * * *
The polar bear claws you but does no damage.
The polar bear closely misses you.
You take 12 damage, and have 16/68 hp.
You block the polar bear's attack. The polar bear completely misses you.
The polar bear barely misses you. The polar bear completely misses you.
The polar bear claws you but does no damage. x2
Spoiler Alert: The yak can hit for moderate damage in melee!
The polar bear barely misses you. The polar bear closely misses you.
The polar bear claws you but does no damage.
The polar bear bites you.
* * * LOW HITPOINT WARNING * * *
The polar bear claws you.
* * * LOW HITPOINT WARNING * * *
The polar bear claws you but does no damage.
The polar bear bites you!!
You die...

**,,,,,,,,,,......*
##.....#
**,,,,****##....,*
##.....
**,,,,~~~≈~....,*
##.....
**,*,~~~~~†..,**
##......
****~~~~†..#**
##....... **~~~#h.*
##.......# #####
*~~~#Y#* ##...####..
####...## *~~~#h##
##..#####... ........#
**~###@#####..##
#..... ######..##
**#.........## #.####
###.#####........##
#...##
##.##....#.#..##
##.... ##.#.#.......#
##... ##..#..#.#..#
##... ##.........#
#####..[.
#.........####.##...##
#.................####


You could see 2 polar bears and a yak.

Vanquished Creatures
  Maggie (D:7)
  A polar bear (D:8)
  A troll (D:8)
  Prince Ribbit (D:7)
  Grinder (D:6)
  Eustachio (D:4)
  2 steam dragons
  A yak (D:8)
  Edmund (D:4)
  Menkaure (D:6)
  An acid dragon (D:8)
  2 water moccasins
  Duvessa (D:7)
  3 sky beasts
  6 ice beasts
  2 wolves (D:8)
  A phantom (D:7)
  A kobold brigand (D:7)
  Blork the orc (D:6)
  2 bullfrogs
  3 necrophages
  4 scorpions
  3 wights (D:8)
  Dowan (D:7)
  3 killer bees (D:8)
  4 electric eels (D:8)
  2 howler monkeys
  12 hounds
  3 orc priests
  6 iguanas
  An orc wizard (D:8)
  A gnoll (D:2)
  12 adders
  3 shadow imps
  2 white imps
  4 ufetubi
  4 worms
  4 dart slugs
  14 orcs
  5 bats
  9 endoplasms
  6 giant cockroaches
  6 hobgoblins
  2 jackals (D:2)
  3 quokkas
  7 ball pythons
  6 frilled lizards
  5 goblins
  3 kobolds
  5 rats
174 creatures vanquished.

Vanquished Creatures (collateral kills)
  A wolf (D:8)
1 creature vanquished.

Grand Total: 175 creatures vanquished

Notes
Turn   | Place    | Note
-------+----------+-------------------------------------------
     0 | D:1      | IndexError the Gargoyle Hunter began the quest for the Orb.
     0 | D:1      | Reached XP level 1. HP: 12/12 MP: 1/1
   126 | D:1      | Reached XP level 2. HP: 17/17 MP: 2/2
   550 | D:2      | Reached skill level 5 in Ranged Weapons
   550 | D:2      | Reached XP level 3. HP: 17/21 MP: 3/3
   576 | D:2      | Identified the +9 spear of Nesoun {spect, rElec rPois Int-3
                  | SInv}
   892 | D:2      | Reached XP level 4. HP: 26/26 MP: 4/4
  1460 | D:3      | Found a faded altar of an unknown god.
  1509 | D:3      | Reached skill level 6 in Ranged Weapons
  1602 | D:3      | Reached XP level 5. HP: 31/31 MP: 5/5
  2180 | D:4      | Noticed Eustachio
  2193 | D:4      | Killed Eustachio
  2194 | D:4      | Reached skill level 3 in Fighting
  2194 | D:4      | Reached skill level 7 in Ranged Weapons
  2194 | D:4      | Reached XP level 6. HP: 33/37 MP: 6/6
  2450 | D:4      | Noticed Edmund
  2458 | D:4      | Killed Edmund
  2618 | D:4      | Reached skill level 4 in Fighting
  2618 | D:4      | Reached XP level 7. HP: 43/43 MP: 7/7
  2718 | D:4      | Found a glowing golden altar of the Shining One.
  2989 | D:5      | Entered Level 5 of the Dungeon
  3176 | D:5      | Found a sacrificial altar of Ru.
  3185 | D:5      | Reached skill level 8 in Ranged Weapons
  3276 | D:5      | You fall into a shaft and drop 2 floors!
  3286 | D:7      | Reached skill level 5 in Fighting
  3345 | D:7      | Reached XP level 8. HP: 49/49 MP: 8/8
  3390 | D:7      | Reached skill level 9 in Ranged Weapons
  3452 | D:7      | Reached skill level 6 in Fighting
  3619 | D:5      | Reached skill level 10 in Ranged Weapons
  3676 | D:5      | Found Zanin's Book Shop.
  3689 | D:5      | Reached XP level 9. HP: 56/56 MP: 9/9
  3789 | D:5      | Identified the amulet "Ywkuc" {Reflect rPois rC- Will+
                  | rCorr SH+5}
  3866 | D:5      | Found a staircase to the Ecumenical Temple.
  3875 | Temple   | Entered the Ecumenical Temple
  4355 | D:6      | Noticed Grinder
  4365 | D:6      | Killed Grinder
  4366 | D:6      | Reached skill level 7 in Fighting
  4475 | D:6      | Reached skill level 11 in Ranged Weapons
  4499 | D:6      | Noticed Blork the orc
  4506 | D:6      | Killed Blork the orc
  4599 | D:6      | Noticed Menkaure
  4608 | D:6      | Killed Menkaure
  4811 | D:6      | Found an opulent altar of Gozag.
  5050 | D:7      | Reached skill level 8 in Fighting
  5184 | D:7      | Noticed Prince Ribbit
  5187 | D:7      | Noticed Maggie
  5197 | D:7      | Killed Prince Ribbit
  5205 | D:7      | Killed Maggie
  5206 | D:7      | Reached skill level 12 in Ranged Weapons
  5369 | D:7      | Reached XP level 10. HP: 65/65 MP: 10/10
  5704 | D:7      | Noticed Duvessa
  5704 | D:7      | Noticed Dowan
  5712 | D:7      | Killed Duvessa
  5713 | D:7      | Killed Dowan
  5831 | D:8      | Reached skill level 9 in Fighting
  6188 | D:8      | Found a staircase to the Lair.
  6212 | D:8      | Found a white marble altar of Elyvilon.
  6219 | D:8      | Reached skill level 13 in Ranged Weapons
  6651 | D:8      | HP: 16/68 [polar bear (12)]
  6654 | D:8      | Mangled by a polar bear

Illustrated notes

Levels and vault maps discovered:
D:1:      tarquinn_simple_flora_water_d, layout_rooms
D:2:      minmay_skewed_foursquare, layout_basic, minmay_liquid_box
D:3:      layout_loops_cross, shapermc_ecumenical_altar_mp_ritualfount
D:4:      layout_loops_ring, tso_altar, uniq_edmund, uniq_eustachio
D:5:      layout_basic, overflow_temple_1_default, minmay_temple_entry_tees,
          minmay_shop_grid_forest
D:6:      layout_rooms, mainiacjoe_overflow_boulevard,
          minmay_increasing_density, uniq_menkaure, uniq_blork_the_orc,
          uniq_grinder
D:7:      layout_basic, serial_aquarium, aquarium_bridge_square
          [aquarium_subvault_wall, aquarium_subvault_window,
          aquarium_subvault_wall, aquarium_subvault_bridge],
          aquarium_bridge_square [aquarium_subvault_wall,
          aquarium_subvault_bridge, aquarium_subvault_window,
          aquarium_subvault_window], aquarium_window_fake,
          aquarium_window_corridor_3, aquarium_view_2a, uniq_prince_ribbit1,
          uniq_duvessa, uniq_maggie
D:8:      layout_layer_cave, mainiacjoe_overflow_large_starburst,
          mainiacjoe_overflow_concentric_impassable, erik_lair_island,
          serial_ice, serial_ice_b, serial_ice_l, serial_ice_m, serial_ice_f,
          serial_ice_g, serial_ice_a, minmay_misc_feat_x
Temple:   eino_narrow_crystal_temple

Skill      XL: |  1  2  3  4  5  6  7  8  9 10 |
---------------+-------------------------------+-----
Ranged Weapons | 5 6 7 8 10 12 13 | 13.5
Fighting       | 3 4 5 6 8 9 |  9.8
Dodging        | |  1.5
Stealth        | |  1.1

Action                     |  1- 3 |  4- 6 |  7- 9 | 10-12 || total
---------------------------+-------+-------+-------+-------++-------
  Melee: Spear             |       |    30 |    83 |    50 ||   163
   Fire: Shortbow          |    76 |    86 |    87 |    61 ||   310
    Use: Scroll            |       |       |       |    16 ||    16
   Stab: Sleeping          |       |     1 |     1 |       ||     2
         Distracted        |       |       |       |     1 ||     1
 Armour: Leather armour    |    10 |    16 |    15 |    29 ||    70
  Dodge: Dodged            |    27 |    26 |    32 |    33 ||   118
  Block: Other             |       |       |     3 |    21 ||    24

Table legend: (Time is in decaauts)
 A = Elapsed time spent in this place.
 B = Non-inter-level travel time spent in this place.
 C = Inter-level travel time spent in this place.
 D = Time resting spent in this place.
 E = Time spent auto-exploring this place.
 F = Levels seen in this place.
 G = Mean time per level.
                   A        B        C        D        E       F      G
               +--------+--------+--------+--------+--------+-----+--------+
         Total |   6704 |   5772 |    932 |     61 |   4663 |   9 |  744.9 |
       Dungeon |   6464 |   5545 |    919 |     61 |   4444 |   8 |  808.0 |
        Temple |    239 |    226 |     13 |      0 |    219 |   1 |  239.0 |
               +--------+--------+--------+--------+--------+-----+--------+

Top non-repeatable levels by time:
     D:7: 1114 daAuts
     D:2: 953 daAuts
     D:4: 910 daAuts
     D:6: 814 daAuts
     D:3: 769 daAuts
     D:8: 721 daAuts
     D:5: 671 daAuts
     D:1: 509 daAuts
  Temple: 239 daAuts

Table legend:
 A = Kills in this place as a percentage of kills in entire the game.
 B = Kills by you in this place as a percentage of kills by you in the entire game.
 C = Kills by friends in this place as a percentage of kills by friends in the entire game.
 D = Other kills in this place as a percentage of other kills in the entire game.
 E = Experience gained in this place as a percentage of experience gained in the entire game.
 F = Experience gained in this place divided by the number of levels of this place that you have seen.
                   A       B       C       D       E      F
               +-------+-------+-------+-------+-------+----------------------
         Total | 100.0 | 100.0 | 100.0 |   N/A | 100.0 | 880.4
       Dungeon | 100.0 | 100.0 | 100.0 |   N/A | 100.0 | 990.5
               +-------+-------+-------+-------+-------+----------------------
